 Dungeon Crawl Stone Soup version 0.26-a0-21-gf97e55dc39 (webtiles) character file.

Game seed: 6578597540935510966, levelgen mode: deterministic

37 MisterFreud the Skirmisher (level 3, 0/27 HPs)
             Began as an Octopode Gladiator on May 26, 2020.
             Slain by an adder (1 damage)
             ... on level 2 of the Dungeon.
             The game lasted 00:01:07 (1300 turns).

MisterFreud the Skirmisher (Octopode Gladiator)     Turns: 1300, Time: 00:01:07

Health: 0/27       AC:  1    Str: 13    XL:     3   Next: 39%
Magic:  3/3        EV: 14    Int: 11    God:
Gold:   81         SH:  0    Dex: 13    Spells: 2/2 levels left

rFire    . . .     SeeInvis .   a - +0 long sword
rCold    . . .     Gourm    .   (no shield)
rNeg     . . .     Faith    .   b - +0 hat
rPois    .         Spirit   .   (no amulet)
rElec    .         Reflect  .   (no ring)
rCorr    .         Harm     .   (no ring)
MR       .....                  (no ring)
Stlth    ++........             (no ring)
HPRegen  0.09/turn              (no ring)
MPRegen  0.08/turn              (no ring)
                                (no ring)
                                (no ring)

@: lethally poisoned (0 -> -10)
A: almost no armour, stealthy swim, amphibious, 8 rings, constrict 8, beak,
camouflage 1, gelatinous body 1, MP-powered wands
a: no special abilities


You were on level 2 of the Dungeon.
You were not hungry.

You visited 1 branch of the dungeon, and saw 2 of its levels.

You collected 81 gold pieces.

Inventory:

Hand Weapons
 a - a +0 long sword (weapon)
Missiles
 c - 3 throwing nets (quivered)
Armour
 b - a +0 hat (worn)
Scrolls
 e - 3 scrolls of identify {unknown}
 h - a scroll of immolation {unknown}
Comestibles
 d - 3 rations
 g - 5 chunks of flesh


   Skills:
 + Level 3.7 Fighting
 - Level 3.0 Long Blades
 - Level 2.0 Throwing
 - Level 3.0 Dodging


You had 2 spell levels left.
You didn't know any spells.
Your spell library was empty.

Dungeon Overview and Level Annotations

Branches:
Dungeon (2/15)

Altars:
Ashenzari


Innate Abilities, Weirdness & Mutations

You cannot wear most types of armour.
You are very stealthy in the water. (Stealth+)
You are amphibious.
You can wear up to eight rings at the same time.
You can use your tentacles to constrict eight enemies at once.
Your skin changes colour to match your surroundings (Stealth+).
Your rubbery body absorbs attacks. (AC +1, EV +1)
You have a beak for a mouth.
You expend magic power (3 MP) to strengthen your wands.


Message History

You slash the rat!
You kill the rat!
The adder bites you.
* * * LOW HITPOINT WARNING * * *
You are lethally poisoned!
The adder poisons you!
* * * LOW HITPOINT WARNING * * *
You feel sick.
You see here a rat corpse.
* * * LOW HITPOINT WARNING * * *
You feel sick. The adder bites you.
* * * LOW HITPOINT WARNING * * *
You are more poisoned.
The adder poisons you!
There is a stone staircase leading up here.
It was a potion of mutation.
You feel extremely strange.
You feel your magical essence link to the dungeon's wands.
Your mouth lengthens and hardens into a beak!
The adder bites you.
You die...

# ##. #.......#
#.#...........# ###
#.#..# .......#####
#...#.)..# ......#....
##...###..####.....#....
.......#................
...........r............
........K.?g.>..........
.......@S.##.###........
#.....##..##.# ##.......
#..l. #..##.# #.######
###. #..##.####.### #
#..g.........#
###...#######.#
#......g.# #.#
......#####.## #.#
....#.........###.#


You could see 2 gnolls, an adder, a kobold, a frilled lizard (wandering) and a
rat.

Vanquished Creatures
  2 oozes (D:1)
  A dart slug (D:1)
  A leopard gecko (D:1)
  A ball python (D:1)
  3 bats (D:1)
  3 goblins (D:1)
  2 hobgoblins (D:1)
  A frilled lizard (D:1)
  7 kobolds (D:1)
  3 rats
24 creatures vanquished.

Vanquished Creatures (others)
  A plant (D:1)
1 creature vanquished.

Grand Total: 25 creatures vanquished

Notes
Turn   | Place    | Note
-------+----------+-------------------------------------------
     0 | D:1      | MisterFreud the Octopode Gladiator began the quest for the
                  | Orb.
     0 | D:1      | Reached XP level 1. HP: 14/14 MP: 1/1
   386 | D:1      | Reached XP level 2. HP: 19/20 MP: 2/2
   886 | D:1      | Reached XP level 3. HP: 25/26 MP: 3/3
  1277 | D:2      | Found a shattered altar of Ashenzari.
  1299 | D:2      | HP: 1/27 [adder (2)]
  1300 | D:2      | Gained mutation: You expend magic power (3 MP) to
                  | strengthen your wands. [potion of mutation]
  1300 | D:2      | Gained mutation: You have a beak for a mouth. [potion of
                  | mutation]
  1300 | D:2      | Slain by an adder

Illustrated notes

Levels and vault maps discovered:
D:1:      noname_arrival_rooms_in_the_neighbourhood, layout_loops_ring,
          minmay_misc_feat_pillars, st_stairs_12, lexackson_kobold_supper
D:2:      layout_loops_ring, minitemple, evilmike_ruin_ashenzari

Skill      XL: |  1  2 |
---------------+-------+-----
Fighting       | 3 |  3.7
Long Blades    | |  3.0
Throwing       | |  2.0
Dodging        | |  3.0

Action                   || total
-------------------------++-------
Melee: Long sword        ||    48
       Constrict         ||    14
       Tentacles         ||    10
  Use: Potion            ||     1
 Stab: Sleeping          ||     2
  Eat: Chunk             ||     1
Armor: Skin              ||     3
Dodge: Dodged            ||    44
       Rpst.: Long sword ||    11

Table legend:
 A = Non-vault XP
 B = Vault XP
 C = Vault XP percentage of total XP
 D = Non-vault monster count
 E = Vault monster count
 F = Vault count percentage of total count
                 A         B        C        D         E       F
            +---------+---------+-------+---------+---------+-------
      Total |      41 |      12 |  22.6 |      16 |       8 |  33.3
            +---------+---------+-------+---------+---------+-------
        D:1 |      40 |      12 |  23.1 |      15 |       8 |  34.8
        D:2 |       1 |       0 |   0.0 |       1 |       0 |   0.0
            +---------+---------+-------+---------+---------+-------
